 Dungeon Crawl Stone Soup version 0.21-a0-258-g4c0eb85 (webtiles) character file.

660423 Ijustatesigmund the Victor of a Thousand Battles (level 27, -4/242 HPs)
             Began as a Formicid Fighter on Sept 4, 2017.
             Was the Champion of Okawaru.
             Slain by a red devil
             ... wielding a +0 trident
             ... summoned by a mummy priest
              (6 damage)
             ... on level 3 of the Tomb of the Ancients on Sept 6, 2017.
             The game lasted 04:51:54 (58151 turns).

Ijustatesigmund (FoFi)                             Turns: 58151, Time: 04:51:55

Health: -4/242     AC: 29    Str: 38      XL:     27
Magic:  38/38      EV: 28    Int: 15      God:    Okawaru [******]
Gold:   7788       SH: 27    Dex: 29 (32) Spells: 17/32 levels left

rFire    . . .     SeeInvis +   H - +5 executioner's axe of Dielul {vamp, rPois MR+ Str+2}
rCold    + + .     Gourm    .   J - +0 large shield of Awe {+Inv rC++ Str+8 Stlth-}
rNeg     + + +     Faith    .   O - +4 acid dragon scales "Ycwaiguu" {Regen+ rCorr Str+2 Int+4 Dex+7}
rPois    +         Spirit   .   (helmet unavailable)
rElec    .         Reflect  .   T - scarf {repulsion}
rCorr    +         Harm     .   Z - +2 pair of gloves {Dex+3}
MR       +++..                  M - +1 pair of boots of Egoyvusk {rN++ Str+4 Int-5}
Stlth    ..........             G - amulet of regeneration
HPRegen  1.30/turn              t - +5 ring of protection
MPRegen  0.26/turn              e - ring of Mares {rN+ Int+3 Dex+3}

@: silence, finesse, repel missiles
A: permanent stasis, dig shafts and tunnels, four strong arms, antennae 3,
molten scales 1, rugged brown scales 1, clever 1
}: 3/15 runes: barnacled, silver, gossamer
a: Dig, Shaft Self, Renounce Religion, Evoke Invisibility


You were on level 3 of the Tomb of the Ancients.
You worshipped Okawaru.
Okawaru was exalted by your worship.
You were hungry.

You visited 11 branches of the dungeon, and saw 51 of its levels.
You also visited: Labyrinth, Trove and Sewer.

You collected 9140 gold pieces.
You spent 1352 gold pieces at shops.

Inventory:

Hand Weapons
 H - the +5 executioner's axe of Dielul (weapon) {vamp, rPois MR+ Str+2}
   (Okawaru gifted it to you on level 14 of the Dungeon)

   It inflicts no extra harm, but heals its wielder when it wounds a living foe.
   It affects your strength (+2).
   It protects you from poison.
   It affects your resistance to hostile enchantments.
Missiles
 z - 20 silver javelins
 I - 15 javelins of penetration (quivered)
Armour
 a - a scarf of resistance
 b - the +2 pair of boots of the Vaults {rPois Dex+3}
   (Okawaru gifted it to you on level 1 of the Spider Nest)

   It affects your dexterity (+3).
   It protects you from poison.
 c - +8 fire dragon scales
 n - the -2 pair of boots of Dishonesty {-Tele rElec Regen+ MP+9}
   (Okawaru gifted it to you on level 2 of the Crypt)

   It insulates you from electricity.
   It affects your magic capacity (+9).
   It prevents most forms of teleportation.
   It increases your rate of regeneration.
 J - the +0 large shield of Awe (worn) {+Inv rC++ Str+8 Stlth-}
   (Okawaru gifted it to you on level 15 of the Dungeon)

   It affects your strength (+8).
   It greatly protects you from cold.
   It lets you turn invisible.
   It makes you less stealthy.
 M - the +1 pair of boots of Egoyvusk (worn) {rN++ Str+4 Int-5}
   (You found it on level 4 of the Depths)

   It affects your strength (+4).
   It affects your intelligence (-5).
   It greatly protects you from negative energy.
 O - the +4 acid dragon scales "Ycwaiguu" (worn) {Regen+ rCorr Str+2 Int+4 Dex+7}
   (Okawaru gifted it to you on level 4 of the Spider Nest)

   It affects your strength (+2).
   It affects your intelligence (+4).
   It affects your dexterity (+7).
   It increases your rate of regeneration.
   It protects you from acid and corrosion.
 T - a scarf of repulsion (worn)
 Z - a +2 pair of gloves of dexterity (worn)
Jewellery
 e - the ring of Mares (right hand) {rN+ Int+3 Dex+3}
   (You found it in a treasure trove)

   [ring of dexterity]

   It affects your intelligence (+3).
   It affects your dexterity (+3).
   It protects you from negative energy.
 r - the ring of Yhubeod {*Slow rElec rN+++ MR+ Dex+2}
   (You found it on level 10 of the Dungeon)

   [ring of protection from magic]

   It affects your dexterity (+2).
   It insulates you from electricity.
   It renders you almost immune to negative energy.
   It affects your resistance to hostile enchantments.
   It may slow you when you take damage.
 t - a +5 ring of protection (left hand)
 y - the ring "Rurghyeta" {rF+ AC+3}
   (You found it on level 3 of the Elven Halls)

   [ring of protection]

   It affects your AC (+3).
   It protects you from fire.
 G - an amulet of regeneration (around neck)
 K - a +4 ring of protection
 N - an uncursed ring of flight
 Q - an uncursed ring of protection from cold
Wands
 j - a wand of clouds (0/9)
 p - a wand of clouds (2/9)
 E - a wand of lightning (5/15)
 W - a wand of acid (10/15)
 Y - a wand of iceblast (15/15)
Scrolls
 d - 8 scrolls of fear
 h - a scroll of brand weapon
 i - 21 scrolls of remove curse
 k - a scroll of summoning
 u - 6 scrolls of immolation
 v - a scroll of silence
 w - a scroll of enchant weapon
 C - 11 scrolls of identify
 F - 5 scrolls of recharging
 R - 4 scrolls of fog
 X - 8 scrolls of magic mapping
Potions
 g - 4 potions of cancellation
 l - 8 potions of curing
 m - 5 potions of resistance
 q - 3 potions of magic
 x - 2 potions of mutation
 A - 10 potions of brilliance
 D - 9 potions of ambrosia
 L - 6 potions of flight
 S - a potion of might
 U - a potion of agility
Miscellaneous
 P - 2 phantom mirrors
Comestibles
 f - 18 bread rations
 s - 16 meat rations


   Skills:
 - Level 23.0 Fighting
 - Level 22.7 Axes
 - Level 10.3 Throwing
 + Level 17.7 Armour
 - Level 14.1 Dodging
 - Level 20.6 Shields
 - Level 3.1 Spellcasting
 - Level 7.6 Conjurations
 - Level 5.9 Hexes
 - Level 10.1 Charms
 - Level 10.1 Necromancy
 - Level 8.1 Translocations
 + Level 23.3 Invocations
 - Level 10.6 Evocations


You had 17 spell levels left.
You knew the following spells:

 Your Spells              Type           Power        Failure   Level  Hunger
a - Regeneration          Chrm/Necr      ####......   1%          3    ###....
b - Vampiric Draining     Necr           ####......   1%          3    ###....
c - Swiftness             Chrm/Air       ###.....     4%          2    ##.....
d - Lesser Beckoning      Tloc           ####......   2%          3    ###....
e - Magic Dart            Conj           ####         1%          1    #......
f - Dazzling Spray        Conj/Hex       ###...       3%          3    ###....


Dungeon Overview and Level Annotations

Branches:
Dungeon (15/15)            Temple (1/1) D:6            Lair (6/6) D:9
 Shoals (4/4) Lair:4       Spider (4/4) Lair:4        Slime (0/5) Lair:6
    Orc (2/2) D:9             Elf (3/3) Orc:2        Vaults (5/5) D:14
  Crypt (3/3) Vaults:2       Tomb (3/3) Crypt:3      Depths (5/5) D:15
    Zot (0/5) Depths:5

Altars:
Ashenzari
Cheibriados
Dithmenos
Elyvilon
Fedhas
Gozag
Hepliaklqana
Kikubaaqudgha
Makhleb
Nemelex Xobeh
Okawaru
Qazlal
Ru
Sif Muna
Trog
Uskayaw
Vehumet
Wu Jian
Xom
Yredelemnul
Zin
The Shining One
Beogh

Shops:
D:8 (   D:12 ((   Orc:2 ([%?   Elf:2 %   Depths:3 [*%

Portals:
Hell: Depths:1 Depths:2 Depths:3 Depths:4 Depths:5
Abyss: Depths:2 Depths:3 Depths:4
Pandemonium: Depths:3
Ziggurat: Depths:4


Innate Abilities, Weirdness & Mutations

You cannot be hasted, slowed, berserked, paralysed or teleported.
You can dig through walls and to a lower floor.
Your four strong arms can wield two-handed weapons with a shield.
You have a pair of large antennae on your head. (SInv)
You are partially covered in molten scales. (AC +2)
You are partially covered in rugged brown scales. (AC +1, +3% HP)
Your mind is acute. (Int +2)


Message History

The mummy priest prays to its god.
The greater mummy is engulfed in freezing vapours.
The greater mummy points at you and mumbles some strange words.
Something smites you!
* * * LOW HITPOINT WARNING * * *
The guardian mummy is engulfed in freezing vapours.
You destroy the guardian mummy!
Okawaru accepts your kill.
You feel extremely nervous for a moment...
You hear strange and distant voices.
As you read the scroll of silence, it crumbles to dust.
A profound silence engulfs you.
The mummy priest calls on the powers of darkness!
You feel a surge of unholy energy.
The flying skull is engulfed in freezing vapours.
The greater mummy is engulfed in freezing vapours.
The mummy priest is engulfed in freezing vapours.
You block the orange demon's attack.
The red devil hits you from afar with a trident.
You die...

#...)..#
(#(((§MM#
.'....Mzz
{
#§§§§§§#
{
#§§§§Mz#
#§§§§§§#
#§§§4M4#
#..§§§§#
#...M§@#
########


You could see a greater mummy, 2 mummy priests, an orange demon, 2 guardian
mummies, a red devil, 2 flying skulls, a mummy and a wight.

Vanquished Creatures
  Khufu (Crypt:2)
  Mennas (Vaults:5)
  2 ancient liches
  Sojobo (Tomb:2)
  28 greater mummies
  Bai Suzhen (Vaults:4)
  Boris (Vaults:4)
  Margery (Vaults:3)
  Saint Roka (Orc:2)
  Jory (Vaults:3)
  6 golden dragons
  the Enchantress (Depths:2)
  A bone dragon (Depths:4)
  Arachne (Spider:3)
  6 tentacled monstrosities
  Rupert (D:14)
  A quicksilver dragon (Depths:4)
  8 liches
  6 titans
  2 deep elf blademasters (Elf:3)
  4 ancient champions
  The ghost of Gagarin the Fencer, an adept MiFi of the Shining One (Shoals:4)
  2 deep elf master archers (Elf:3)
  12 sphinxes
  Polyphemus (Shoals:3)
  Frances (Shoals:1)
  6 tengu reavers
  4 shadow dragons
  Donald (Shoals:3)
  Ilsuiw (Shoals:4)
  12 fire giants
  2 revenants
  6 storm dragons
  A draconian knight (Depths:5)
  10 frost giants
  6 ghost moths
  3 iron dragons
  An orc warlord (Vaults:4)
  10 deep elf sorcerers
  18 vault wardens
  Aizul (Depths:2)
  A balrug (Depths:4)
  4 curse skulls
  2 draconian annihilators (Depths:5)
  6 emperor scorpions
  4 ghouls
  Louise (Depths:2)
  6 deep elf elementalists
  4 spriggan defenders
  29 stone giants
  28 very ugly things
  5 reapers (Crypt:3)
  12 deep elf demonologists
  2 war gargoyles
  7 entropy weavers
  16 ironheart preservers
  A green draconian (Depths:5)
  A large abomination (Depths:4)
  4 vampire knights
  Azrael (D:14)
  2 purple draconians (Depths:5)
  4 bennus (Tomb:3)
  A white draconian (Depths:5)
  A spark wasp (shapeshifter) (Vaults:5)
  8 spark wasps
  6 deep elf annihilators
  5 dire elephants (Lair:6)
  7 merfolk javelineers
  11 eidola
  12 merfolk impalers
  11 ettins
  Snorg (D:10)
  A blizzard demon (Depths:4)
  A minotaur (Lab)
  24 mummy priests
  A minotaur (shapeshifter) (Vaults:2)
  11 deep elf death magi
  12 fire dragons
  A quicksilver dragon zombie (Tomb:1)
  16 yaktaur captains
  11 deep elf high priests
  4 jiangshi
  9 great orbs of eyes
  27 vault guards
  A quicksilver dragon skeleton (Crypt:1)
  5 rakshasas
  2 anacondas
  5 spriggan air magi
  2 catoblepae
  8 ice dragons
  14 hydras
  3 merfolk avatars (Shoals:4)
  2 alligator snapping turtles
  5 death knights
  13 ogre magi
  36 two-headed ogres
  11 centaur warriors
  5 merfolk aquamancers
  A satyr (Shoals:3)
  34 dancing weapons
  14 deep troll earth magi
  19 death scarabs
  15 tengu warriors
  4 vampire magi
  10 death yaks
  5 deep troll shamans
  14 spriggan berserkers
  A titan zombie (Crypt:3)
  2 orc high priests
  Urug (D:15)
  9 soul eaters
  26 deep elf knights
  3 sun demons (Depths:4)
  A small abomination (Elf:1)
  A fire crab (shapeshifter) (Vaults:5)
  2 iron trolls (Depths:4)
  A shadow wraith (Vaults:3)
  7 hell knights
  3 titan skeletons
  20 skeletal warriors
  A spark wasp zombie (Depths:1)
  2 flayed ghosts
  2 unseen horrors
  An anaconda zombie (Crypt:3)
  2 golden dragon zombies (Depths:3)
  3 quicksilver dragon simulacra
  8 glowing orange brains
  50 deep trolls
  2 shadow dragon zombies
  12 sea snakes
  A sphinx zombie (Vaults:5)
  3 wizards
  41 wolf spiders
  21 ironbrand convokers
  7 orc knights
  8 phantasmal warriors
  18 harpies
  34 deep elf archers
  16 orb spiders
  23 necromancers
  38 ugly things
  A wolf spider zombie (D:15)
  3 fauns (Shoals:3)
  3 orc sorcerers
  73 deep elf magi
  29 cyclopes
  A fire giant zombie (Crypt:3)
  11 manticores
  15 elephants
  A moth of wrath (Spider:3)
  A frost giant zombie (Crypt:1)
  An iron dragon skeleton (Crypt:3)
  A manticore (shapeshifter) (Depths:3)
  8 rust devils (Depths:4)
  A dire elephant zombie (Crypt:2)
  Joseph (Lair:1)
  A fire giant skeleton (Depths:1)
  An ice statue (Depths:4)
  2 stone giant skeletons
  4 black mambas
  2 frost giant skeletons
  A merfolk siren (Shoals:3)
  8 vault sentinels
  A gargoyle (D:13)
  3 torpor snails
  8 water nymphs
  A white draconian zombie (Crypt:1)
  10 rime drakes (Lair:6)
  A dire elephant skeleton (Crypt:3)
  8 komodo dragons
  16 spiny frogs
  3 yaktaurs (shapeshifter)
  9 demonic crawlers
  A rime drake (shapeshifter) (Depths:3)
  An efreet (Depths:4)
  55 yaktaurs
  3 kobold demonologists (D:15)
  A redback zombie (Crypt:1)
  18 freezing wraiths
  A hydra zombie (Crypt:3)
  14 hellwings
  A white draconian skeleton (Crypt:1)
  4 tengu conjurers
  A black draconian skeleton (Crypt:2)
  34 guardian mummies
  3 ice devils (Depths:4)
  3 trolls
  3 red devils
  A wind drake (shapeshifter) (D:14)
  41 merfolk
  A queen bee (shapeshifter) (Vaults:4)
  A bog body (Crypt:2)
  A queen bee (D:7)
  A harpy zombie (Crypt:3)
  2 catoblepas skeletons
  26 jumping spiders
  2 polar bears (shapeshifter)
  2 meliai (shapeshifter)
  11 hornets
  A hornet (shapeshifter) (Depths:1)
  A blink frog (shapeshifter) (Vaults:1)
  2 tengu simulacra
  An alligator zombie (Crypt:3)
  An ice dragon zombie (Crypt:3)
  36 slime creatures
  10 snapping turtles
  10 blink frogs (Lair:6)
  6 wind drakes
  4 dream sheep
  A fire giant simulacrum (Vaults:5)
  A fire dragon zombie (Crypt:1)
  15 hippogriffs
  16 flying skulls
  3 ettin skeletons
  5 spriggans
  5 wyverns
  116 redbacks
  7 shadows
  35 tarantellas
  8 air elementals
  2 human simulacra
  16 ushabtiu
  15 water elementals
  4 wraiths
  A vampire (D:15)
  16 humans (D:14)
  49 yaks
  2 fire bats (Depths:3)
  A fire bat (shapeshifter) (Vaults:2)
  A basilisk (D:14)
  10 fire elementals
  6 steam dragons (Lair:6)
  6 hungry ghosts
  The ghost of tidbits the Insei, an amateur DgTm (D:5)
  A basilisk (shapeshifter) (Vaults:3)
  9 wargs
  2 swamp worms (shapeshifter)
  An elf skeleton (Depths:3)
  A soldier ant (D:13)
  3 acid dragons
  A spiny frog zombie (Crypt:1)
  6 water moccasins
  10 hell hounds
  5 porcupines
  2 floating eyes
  2 hornet zombies
  A black bear (D:10)
  53 orc warriors
  A snapping turtle zombie (Crypt:3)
  An eye of draining (D:12)
  4 sky beasts
  2 phantoms
  7 boggarts
  7 ice beasts
  A swamp dragon zombie (Crypt:3)
  A lindwurm zombie (Crypt:2)
  7 necrophages
  3 ettin simulacra (Depths:4)
  2 human skeletons (Vaults:4)
  31 ogres
  27 centaurs
  A manticore skeleton (Crypt:3)
  15 wolves
  11 crocodiles
  2 komodo dragon zombies
  Blork the orc (D:15)
  4 big kobolds
  28 bullfrogs
  4 earth elementals
  A wyvern zombie (D:14)
  4 wyvern skeletons
  6 scorpions
  35 killer bees
  A water moccasin skeleton (D:7)
  An electric eel (Lair:2)
  2 howler monkeys
  17 wights
  16 crimson imps
  3 bullfrog zombies
  3 centaur zombies
  7 jellies
  A quasit (D:13)
  6 hounds
  A demonspawn zombie (Crypt:1)
  32 orc priests
  A bullfrog skeleton (D:13)
  2 centaur skeletons
  40 orc wizards
  A gnoll shaman (Orc:2)
  Jessica (D:3)
  4 iguanas
  12 worker ants
  Natasha (thrice) (D:2)
  A tengu skeleton (Crypt:3)
  A hound skeleton (D:10)
  37 mummies
  Robin (D:4)
  3 howler monkey skeletons
  8 adders
  4 gnolls (Orc:2)
  5 shadow imps
  2 oozes
  A worm zombie (Crypt:2)
  3 adder skeletons
  2 adder zombies
  A worm (D:6)
  A barachi zombie (Crypt:2)
  2 dart slugs
  9 leopard geckos
  150 orcs
  6 ball pythons
  6 giant cockroaches
  13 goblins
  21 hobgoblins
  21 jackals
  2 quokkas
  A river rat zombie (Crypt:2)
  6 bats
  10 frilled lizards
  A giant cockroach zombie (D:5)
  A jackal skeleton (D:5)
  24 kobolds
  12 rats
  A river rat skeleton (Crypt:2)
  A bush (Shoals:1)
  8 crawling corpses
  2 fungi (Lair:6)
  19 plants
  3 withered plants (Crypt:3)
2814 creatures vanquished.

Vanquished Creatures (collateral kills)
  A death scarab (Tomb:2)
  A guardian mummy (Tomb:2)
  A mummy (Tomb:2)
3 creatures vanquished.

Vanquished Creatures (others)
  An emperor scorpion (Spider:1)
  A war gargoyle (Vaults:5)
  2 bennus (Tomb:2)
  A deep elf knight (Vaults:1)
  4 deep elf magi
  2 guardian mummies (Tomb:2)
  A redback (Spider:1)
  A water elemental (Shoals:2)
  An ushabti (Tomb:2)
  A steam dragon (Lair:6)
  An orc warrior (Elf:1)
  A boggart (Depths:3)
  A centaur (D:14)
  A mummy (Tomb:2)
  An orc (Elf:1)
  A frilled lizard (D:5)
  A bush (Depths:2)
  A crawling corpse (Elf:1)
  10 fungi
  22 plants
55 creatures vanquished.

Grand Total: 2872 creatures vanquished

Notes
Turn   | Place    | Note
-------+----------+-------------------------------------------
     0 | D:1      | Ijustatesigmund the Formicid Fighter began the quest for the Orb.
     0 | D:1      | Reached XP level 1. HP: 18/18 MP: 1/1
   170 | D:1      | Reached XP level 2. HP: 18/24 MP: 2/2
   460 | D:1      | Reached XP level 3. HP: 22/29 MP: 3/3
   988 | D:2      | Found a faded altar of an unknown god.
   999 | D:2      | Reached XP level 4. HP: 24/35 MP: 4/4
  1097 | D:2      | Noticed Natasha
  1109 | D:2      | Killed Natasha
  1295 | D:2      | Noticed Natasha
  1303 | D:2      | Killed Natasha
  1303 | D:2      | Reached XP level 5. HP: 18/41 MP: 5/5
  1594 | D:2      | Noticed Natasha
  1601 | D:2      | Killed Natasha
  1601 | D:2      | Reached skill level 5 in Axes
  1993 | D:3      | Found a sacrificial altar of Ru.
  2206 | D:3      | Noticed Jessica
  2214 | D:3      | Killed Jessica
  2214 | D:3      | Reached XP level 6. HP: 40/47 MP: 6/6
  2738 | D:4      | Noticed Robin
  2764 | D:4      | Killed Robin
  2886 | D:4      | Reached XP level 7. HP: 17/52 MP: 7/7
  3315 | D:5      | Entered Level 5 of the Dungeon
  3382 | D:5      | Noticed tidbits's ghost (amateur DgTm)
  3389 | D:5      | Killed tidbits's ghost
  3392 | D:5      | Gained mutation: Your flesh is cold resistant. (rC+) [potion of mutation]
  3392 | D:5      | Gained mutation: You are agile. (Dex +2) [potion of mutation]
  3392 | D:5      | Gained mutation: You are dopey. (Int -2) [potion of mutation]
  3392 | D:5      | Gained mutation: You are covered in fur. (AC +1) [potion of mutation]
  3700 | D:5      | Reached skill level 5 in Fighting
  3700 | D:5      | Reached XP level 8. HP: 58/62 MP: 8/8
  4029 | D:6      | Identified a scroll of acquirement
  4109 | D:6      | Found a glowing drain.
  4125 | Sewer    | Entered a sewer
  4664 | D:6      | Found a stormy altar of Qazlal.
  4927 | D:6      | Found a staircase to the Ecumenical Temple.
  4933 | Temple   | Entered the Ecumenical Temple
  5264 | Temple   | Became a worshipper of Warmaster Okawaru
  5350 | D:6      | Reached XP level 9. HP: 69/71 MP: 9/9
  5516 | D:7      | Reached skill level 1 in Dodging
  5929 | D:7      | Reached skill level 5 in Shields
  5997 | D:7      | Reached skill level 5 in Armour
  6007 | D:7      | Reached * piety under Okawaru
  6696 | D:7      | Found a transporter.
  6711 | D:7      | Found a roughly hewn altar of Beogh.
  6719 | D:7      | Noticed a two-headed ogre
  6731 | D:7      | Killed a two-headed ogre
  6731 | D:7      | Reached ** piety under Okawaru
  6731 | D:7      | Reached XP level 10. HP: 36/77 MP: 10/10
  6741 | D:7      | Reached *** piety under Okawaru
  6874 | D:7      | Found a transporter.
  7097 | D:7      | Reached skill level 5 in Dodging
  7210 | D:8      | Reached skill level 1 in Invocations
  7267 | D:8      | Reached **** piety under Okawaru
  7328 | D:8      | Found Elidwide's Antique Weapon Emporium.
  7337 | D:8      | Bought a jewelled arbalest for 342 gold pieces
  7337 | D:8      | Identified the +8 arbalest of Awkwardness {elec, rPois SInv} (You bought it in a shop on level 8 of the Dungeon)
  7970 | D:8      | Noticed a two-headed ogre
  7977 | D:8      | Killed a two-headed ogre
  7977 | D:8      | Reached ***** piety under Okawaru
  7989 | D:8      | Reached XP level 11. HP: 34/86 MP: 14/14
  8666 | D:9      | Found a staircase to the Orcish Mines.
  8759 | D:9      | Got a faintly glowing diamond amulet
  8768 | D:9      | Identified the amulet "Ukheheoj" {Faith rPois} (You found it on level 9 of the Dungeon)
  8871 | D:9      | Reached skill level 5 in Invocations
  8874 | D:9      | Reached skill level 10 in Axes
  9188 | D:9      | Received a gift from Okawaru
  9191 | D:9      | Got a warped large shield {god gift}
  9202 | D:9      | Identified the +0 large shield of Mumblety Peg {Str+4} (Okawaru gifted it to you on level 9 of the Dungeon)
  9328 | D:9      | Found a staircase to the Lair.
  9336 | D:9      | You fall through a shaft for 3 floors!
  9442 | D:11     | Noticed an unseen horror
  9453 | D:11     | Killed an unseen horror
  9725 | D:10     | Entered Level 10 of the Dungeon
  9725 | D:10     | Found a portal to a secret trove of treasure.
  9731 | D:10     | Noticed Snorg
  9747 | D:10     | Killed Snorg
 10009 | D:10     | Got a warped great mace
 10010 | D:10     | Identified the +9 great mace of Quick Death {crush, rF+ Dex+5} (You found it on level 10 of the Dungeon)
 10415 | D:9      | Reached XP level 12. HP: 97/97 MP: 17/17
 10806 | D:10     | Noticed a centaur warrior
 10807 | D:10     | Noticed a deep troll
 10822 | D:10     | Killed a deep troll
 10824 | D:10     | Killed a centaur warrior
 11113 | D:10     | Reached skill level 10 in Fighting
 11215 | D:10     | Noticed a great orb of eyes
 11218 | D:10     | Killed a great orb of eyes
 11228 | D:10     | Got an ancient platinum ring
 11230 | D:10     | Identified the ring of Yhubeod {*Slow rElec rN+++ MR+ Dex+2} (You found it on level 10 of the Dungeon)
 11330 | D:10     | Reached ****** piety under Okawaru
 11330 | D:10     | Received a gift from Okawaru
 11804 | D:11     | Reached skill level 10 in Shields
 11931 | D:11     | Noticed a two-headed ogre
 11941 | D:11     | Killed a two-headed ogre
 12439 | D:12     | Noticed a seven-headed hydra
 12449 | D:12     | Killed a seven-headed hydra
 12481 | D:12     | Noticed a two-headed ogre
 12490 | D:12     | Killed a two-headed ogre
 12496 | D:12     | Found Konaesmu's Antique Weapon Shop.
 12537 | D:12     | Found Efysoch's Weapon Shop.
 12582 | D:12     | Reached XP level 13. HP: 105/105 MP: 19/19
 12713 | D:12     | Noticed a six-headed hydra
 12716 | D:12     | Received a gift from Okawaru
 12722 | D:12     | Killed a six-headed hydra
 12725 | D:12     | Got a shimmering ring mail {god gift}
 12736 | D:12     | Identified the +4 ring mail of the Fisher {rC+ rCorr} (Okawaru gifted it to you on level 12 of the Dungeon)
 13137 | D:13     | Noticed a centaur warrior
 13145 | D:13     | Killed a centaur warrior
 13186 | D:13     | Noticed a centaur warrior
 13195 | D:13     | Killed a centaur warrior
 13195 | D:13     | Reached skill level 10 in Invocations
 14079 | D:14     | Found a gate to the Vaults.
 14079 | D:14     | Noticed a centaur warrior
 14079 | D:14     | Noticed Urug
 14079 | D:14     | Noticed an eight-headed hydra
 14130 | D:14     | Noticed Azrael
 14131 | D:14     | Received a gift from Okawaru
 14145 | D:14     | Killed Azrael
 14232 | D:14     | Found a labyrinth entrance.
 14256 | Lab      | Entered a labyrinth
 14471 | Lab      | Reached XP level 14. HP: 115/115 MP: 22/22
 15144 | Lab      | Got an uncursed brightly glowing shortbow {velocity}
 15145 | Lab      | Identified the +2 shortbow of Yxegat {velocity, -Tele rElec Str+4 Dex+2} (You took it off a minotaur in a labyrinth)
 15174 | D:14     | Noticed Rupert
 15195 | D:14     | Killed Rupert
 15195 | D:14     | Received a gift from Okawaru
 15214 | D:14     | Received a gift from Okawaru
 15222 | D:14     | Got a brightly glowing executioner's axe {god gift}
 15231 | D:14     | Identified the +5 executioner's axe of Dielul {vamp, rPois MR+ Str+2} (Okawaru gifted it to you on level 14 of the Dungeon)
 15249 | D:14     | You fall through a shaft!
 15249 | D:15     | Entered Level 15 of the Dungeon
 16271 | D:15     | Received a gift from Okawaru
 16282 | D:15     | Got a bloodstained large shield {god gift}
 16288 | D:15     | Identified the +0 large shield of Awe {+Inv rC++ Str+8 Stlth-} (Okawaru gifted it to you on level 15 of the Dungeon)
 16320 | D:15     | Found a staircase to the Depths.
 16414 | D:15     | Noticed Blork the orc
 16503 | D:14     | Reached XP level 15. HP: 112/120 MP: 25/25
 16870 | Lair:1   | Entered Level 1 of the Lair of Beasts
 17290 | Lair:1   | HP: 1/120 [13-headed hydra (6)]
 17585 | Lair:1   | Received a gift from Okawaru
 17998 | Lair:1   | Noticed Joseph
 18011 | Lair:1   | Killed Joseph
 19005 | Lair:3   | Reached skill level 10 in Armour
 19444 | Lair:3   | Received a gift from Okawaru
 20102 | Lair:4   | Found a hole to the Spider Nest.
 20217 | Lair:4   | Received a gift from Okawaru
 20385 | Lair:4   | Found a staircase to the Shoals.
 20401 | Lair:4   | Reached skill level 15 in Axes
 21382 | Lair:6   | Entered Level 6 of the Lair of Beasts
 21775 | Lair:6   | Reached XP level 16. HP: 118/129 MP: 27/27
 22095 | Lair:6   | Received a gift from Okawaru
 22098 | Lair:6   | Got a bloodstained great mace {god gift}
 22212 | Lair:6   | Upgraded the game from 0.21-a0-243-g597973d to 0.21-a0-251-g5e8393f
 22232 | Lair:6   | Reached skill level 15 in Invocations
 22317 | Lair:6   | Identified the +6 great mace "Uplor" {crush, rElec rF+} (Okawaru gifted it to you on level 6 of the Lair of Beasts)
 22653 | Lair:6   | Received a gift from Okawaru
 22656 | Lair:6   | Got a pair of distressingly furry boots {god gift}
 22662 | Lair:6   | Identified the -5 pair of boots of Okhipp {SInv} (Okawaru gifted it to you on level 6 of the Lair of Beasts)
 23213 | Lair:6   | Found a staircase to the Slime Pits.
 23717 | Orc:1    | Entered Level 1 of the Orcish Mines
 23860 | Orc:1    | Found a roughly hewn altar of Beogh.
 24138 | Orc:2    | Entered Level 2 of the Orcish Mines
 24281 | Orc:2    | Found a roughly hewn altar of Beogh.
 24344 | Orc:2    | Found a staircase to the Elven Halls.
 24419 | Orc:2    | Noticed Saint Roka
 24440 | Orc:2    | Killed Saint Roka
 24440 | Orc:2    | Received a gift from Okawaru
 24471 | Orc:2    | Found Demimud's Antique Weapon Shop.
 24472 | Orc:2    | Found a roughly hewn altar of Beogh.
 24473 | Orc:2    | Found Dimnifeeny's Antique Armour Boutique.
 24480 | Orc:2    | Bought a fine plate armour for 728 gold pieces
 24496 | Orc:2    | Identified the +4 plate armour of Sukaug {+Blink rElec Regen+ Int-4} (You bought it in a shop on level 2 of the Orcish Mines)
 24582 | Orc:2    | Found a roughly hewn altar of Beogh.
 24583 | Orc:2    | Found Osofaora's Food Boutique.
 24631 | Orc:2    | Found a roughly hewn altar of Beogh.
 24632 | Orc:2    | Found Riororph's Magic Scroll Emporium.
 24653 | Orc:2    | Bought a scroll of identify for 30 gold pieces
 24653 | Orc:2    | Bought a scroll of enchant armour for 112 gold pieces
 24653 | Orc:2    | Bought a scroll of identify for 30 gold pieces
 24988 | Orc:2    | Found a roughly hewn altar of Beogh.
 25152 | Orc:2    | Found a roughly hewn altar of Beogh.
 25641 | D:14     | Found a sacrificial altar of Ru.
 25647 | D:14     | Received a gift from Okawaru
 25874 | D:15     | Killed Blork the orc
 25874 | D:15     | Reached XP level 17. HP: 137/137 MP: 28/28
 25876 | D:15     | Found a deep blue altar of Sif Muna.
 25929 | D:15     | Killed Urug
 25946 | Depths:1 | Entered Level 1 of the Depths
 26069 | Depths:1 | Found a gateway to Hell.
 26441 | Depths:1 | Received a gift from Okawaru
 26822 | Depths:2 | Noticed a sphinx
 26861 | Depths:1 | Received a gift from Okawaru
 26936 | Depths:1 | Noticed a lich
 26943 | Depths:1 | Killed a lich
 27013 | Depths:2 | Killed a sphinx
 27305 | Depths:1 | Reached XP level 18. HP: 147/147 MP: 30/30
 27734 | Spider:1 | Entered Level 1 of the Spider Nest
 27998 | Spider:1 | Received a gift from Okawaru
 28007 | Spider:1 | Got a pair of scorched boots {god gift}
 28164 | Lair:4   | Identified the +2 pair of boots of the Vaults {rPois Dex+3} (Okawaru gifted it to you on level 1 of the Spider Nest)
 28314 | Spider:1 | Reached skill level 15 in Fighting
 29021 | Spider:2 | You fall through a shaft!
 29094 | Spider:3 | Got a heavily runed golden ring
 29096 | Spider:3 | Identified the cursed ring "Kibbewn" {rN+ EV-2 Str+5 Dex-3} (You found it on level 3 of the Spider Nest)
 29243 | Spider:4 | Entered Level 4 of the Spider Nest
 29281 | Spider:4 | Noticed Arachne
 29311 | Spider:3 | Killed Arachne
 29311 | Spider:3 | Received a gift from Okawaru
 29875 | Spider:4 | Received a gift from Okawaru
 29885 | Spider:4 | Reached XP level 19. HP: 157/157 MP: 0/31
 30687 | Spider:4 | Reached skill level 1 in Throwing
 31102 | Spider:4 | Received a gift from Okawaru
 31102 | Spider:4 | Reached skill level 1 in Evocations
 31105 | Spider:4 | Got bloodstained acid dragon scales {god gift}
 31244 | Spider:4 | Identified the +4 acid dragon scales "Ycwaiguu" {Regen+ rCorr Str+2 Int+4 Dex+7} (Okawaru gifted it to you on level 4 of the Spider Nest)
 31719 | Spider:4 | Got a gossamer rune of Zot
 32531 | Depths:2 | Reached skill level 15 in Shields
 32580 | Depths:2 | Noticed the Enchantress
 32597 | Depths:2 | Received a gift from Okawaru
 32597 | Depths:2 | Killed the Enchantress
 32610 | Depths:2 | Got faerie dragon scales
 32663 | Depths:1 | Identified the +4 faerie dragon scales {rCorr MP+9} (You took it off the Enchantress on level 2 of the Depths)
 32771 | Depths:2 | Reached XP level 20. HP: 164/164 MP: 32/32
 33132 | Depths:2 | Received a gift from Okawaru
 33413 | Depths:2 | Noticed Aizul
 33430 | Depths:2 | Killed Aizul
 33485 | Depths:2 | Reached skill level 10 in Dodging
 33751 | Depths:2 | Received a gift from Okawaru
 33843 | Depths:2 | Found a one-way gate to the infinite horrors of the Abyss.
 33843 | Depths:2 | Noticed Louise
 33853 | Depths:2 | Killed Louise
 34075 | Depths:2 | Identified the Collected Works on Mutagenic Arcane Weapons
 34222 | Depths:3 | Lost mutation: You are agile. (Dex +2) [a shining eye]
 34265 | Depths:3 | Found Obumumih's Food Shoppe.
 34278 | Depths:3 | Reached XP level 21. HP: 170/170 MP: 33/33
 34280 | Depths:3 | Found Exzar's Assorted Antiques.
 34283 | Depths:3 | Found Cown's Armour Shoppe.
 34289 | Depths:3 | Bought a blackened diamond amulet for 110 gold pieces
 34412 | Depths:3 | Noticed a golden dragon
 34427 | Depths:3 | Killed a golden dragon
 34472 | Depths:3 | Received a gift from Okawaru
 34755 | Depths:3 | Found a one-way gate leading to the halls of Pandemonium.
 34800 | Depths:3 | Received a gift from Okawaru
 35392 | Depths:4 | Found a radiant altar of Vehumet.
 35476 | Depths:4 | Received a gift from Okawaru
 35490 | Depths:4 | Found a sacrificial altar of Ru.
 35502 | Depths:4 | Got an ancient battleaxe {god gift}
 35503 | Depths:4 | Identified the +5 battleaxe of the Salmon {venom, Int+4} (Okawaru gifted it to you on level 4 of the Depths)
 35539 | Depths:4 | Reached XP level 22. HP: 153/183 MP: 34/34
 35563 | Depths:4 | Found an ancient bone altar of Kikubaaqudgha.
 35626 | Depths:4 | Received a gift from Okawaru
 35655 | Depths:4 | Found a shadowy altar of Dithmenos.
 35655 | Depths:4 | Found a gateway to a ziggurat.
 35662 | Depths:4 | Noticed a bone dragon
 35681 | Depths:4 | Killed a bone dragon
 35709 | Depths:4 | Received a gift from Okawaru
 35712 | Depths:4 | Noticed a golden dragon
 35717 | Depths:4 | Killed a golden dragon
 36240 | Depths:4 | Received a gift from Okawaru
 36358 | Depths:4 | Learned a level 3 spell: Regeneration
 36362 | Depths:4 | Got a spiked shield
 36373 | Depths:4 | Identified the -9 shield of Life {+Fly rPois rF+ Dex-2} (You found it on level 4 of the Depths)
 36386 | Depths:4 | Got a pair of faintly glowing boots
 36397 | Depths:4 | Identified the +1 pair of boots of Egoyvusk {rN++ Str+4 Int-5} (You found it on level 4 of the Depths)
 36882 | D:10     | You paid a toll of a +5 demon whip to enter a treasure trove
 36883 | Trove    | Entered a treasure trove
 36898 | Trove    | Got a heavily runed steel ring
 36912 | Trove    | Got a fine brass ring
 36914 | Trove    | Identified the ring of Mares {rN+ Int+3 Dex+3} (You found it in a treasure trove)
 36922 | Trove    | Identified the ring of the Vendetta {Fire rPois Int+3 Dex+4 Stlth+} (You found it in a treasure trove)
 36929 | Trove    | Got a smoking executioner's axe
 36930 | Trove    | Identified the +0 executioner's axe "Ejuxt" {holy, +Rage +Inv Str-3 Dex+5} (You found it in a treasure trove)
 36943 | Trove    | Got a pair of encrusted boots
 36954 | Trove    | Identified the +0 pair of boots of Vam Xaug {Int+4} (You found it in a treasure trove)
 37041 | Lair:1   | Lost mutation: Your flesh is cold resistant. (rC+) [potion of mutation]
 37041 | Lair:1   | Gained mutation: You are partially covered in molten scales. (AC +2) [potion of mutation]
 37041 | Lair:1   | Gained mutation: Your spells are a little harder to cast, but a little more powerful. [potion of mutation]
 37042 | Lair:1   | Lost mutation: You are dopey. (Int -2) [potion of mutation]
 37042 | Lair:1   | Lost mutation: You are covered in fur. (AC +1) [potion of mutation]
 37042 | Lair:1   | Lost mutation: Your spells are a little harder to cast, but a little more powerful. [potion of mutation]
 37042 | Lair:1   | Gained mutation: Your mind is acute. (Int +2) [potion of mutation]
 37042 | Lair:1   | Gained mutation: You are partially covered in rugged brown scales. (AC +1, +3% HP) [potion of mutation]
 37184 | Elf:1    | Entered Level 1 of the Elven Halls
 37252 | Elf:1    | Reached XP level 23. HP: 198/198 MP: 35/35
 37331 | Elf:1    | Reached skill level 1 in Charms
 37331 | Elf:1    | Reached skill level 1 in Necromancy
 37354 | Elf:1    | Received a gift from Okawaru
 38037 | Elf:1    | Upgraded the game from 0.21-a0-251-g5e8393f to 0.21-a0-258-g4c0eb85
 38493 | Elf:2    | Found Icsoetso's Food Emporium.
 38641 | Elf:2    | Reached skill level 5 in Charms
 38799 | Elf:2    | Reached skill level 5 in Necromancy
 38989 | Elf:2    | Found a huge runed gate.
 38989 | Elf:2    | Found a huge runed gate.
 38989 | Elf:2    | Found a huge runed gate.
 38989 | Elf:2    | Found a huge runed gate.
 38989 | Elf:2    | Found a huge runed gate.
 39039 | Elf:2    | Received a gift from Okawaru
 39377 | Elf:3    | Entered Level 3 of the Elven Halls
 39972 | Elf:3    | Reached XP level 24. HP: 206/206 MP: 29/35
 40177 | Elf:3    | Got a clouded sapphire amulet
 40178 | Elf:3    | Identified the amulet of Piadwet {Reflect rN+ Str+2 SH+3 Stlth+} (You found it on level 3 of the Elven Halls)
 40188 | Elf:3    | Got a wavering granite ring
 40189 | Elf:3    | Identified the cursed ring "Xaos" {*Drain Str+5 Int-3} (You found it on level 3 of the Elven Halls)
 40288 | Elf:3    | Identified the ring "Rurghyeta" {rF+ AC+3} (You found it on level 3 of the Elven Halls)
 40339 | Elf:3    | Identified the +6 war axe "Gitren" {drain, rElec rF- Str+3} (You took it off a deep elf death mage on level 3 of the Elven Halls)
 40352 | Elf:3    | Got a turquoise-encrusted leather armour
 40438 | Elf:3    | Identified the +7 leather armour of Udouz {+Blink rPois rC+++ MR-} (You took it off a deep elf death mage on level 3 of the Elven Halls)
 40735 | Vaults:1 | Entered Level 1 of the Vaults
 40744 | Vaults:1 | Received a gift from Okawaru
 40842 | Vaults:1 | Received a gift from Okawaru
 41971 | Vaults:2 | Reached skill level 10 in Necromancy
 41976 | Vaults:2 | Reached skill level 10 in Charms
 41980 | Vaults:2 | Received a gift from Okawaru
 42075 | Vaults:2 | Reached XP level 25. HP: 212/212 MP: 35/35
 42140 | Vaults:2 | Found a staircase to the Crypt.
 42140 | Vaults:2 | Found an ancient bone altar of Kikubaaqudgha.
 42141 | Vaults:2 | Found a basalt altar of Yredelemnul.
 42998 | Vaults:3 | Noticed Margery
 43024 | Vaults:3 | Killed Margery
 43132 | Vaults:3 | Identified the +6 scale mail of Nimag {Dex+7} (You found it on level 3 of the Vaults)
 43205 | Vaults:3 | Received a gift from Okawaru
 43223 | Vaults:3 | Identified the +0 shield of Maux {rF- rN+ Str+3 Stlth+} (Okawaru gifted it to you on level 3 of the Vaults)
 43380 | Vaults:3 | Noticed Jory
 43403 | Vaults:3 | Killed Jory
 44008 | Vaults:3 | Learned a level 3 spell: Vampiric Draining
 44475 | Vaults:4 | Noticed Bai Suzhen
 44487 | Vaults:4 | Killed Bai Suzhen
 44497 | Vaults:4 | Noticed Boris
 44523 | Vaults:4 | Killed Boris
 44575 | Vaults:4 | Reached XP level 26. HP: 225/225 MP: 36/36
 44759 | Vaults:4 | Received a gift from Okawaru
 45360 | Vaults:5 | Entered Level 5 of the Vaults
 45372 | Vaults:5 | Received a gift from Okawaru
 45455 | Vaults:5 | Noticed Mennas
 45482 | Vaults:5 | Killed Mennas
 45487 | Vaults:4 | Received a gift from Okawaru
 45563 | Vaults:5 | Reached XP level 27. HP: 229/236 MP: 37/37
 45904 | Vaults:5 | Identified the Handbook of Displacement and Creation
 45908 | Vaults:5 | Learned a level 2 spell: Swiftness
 46078 | Vaults:5 | Got a silver rune of Zot
 46097 | Vaults:5 | Received a gift from Okawaru
 46389 | Vaults:5 | Got a translucent iron ring
 46430 | Vaults:5 | Identified Iryggita's Catalogue of Unholy Orientation
 46435 | Vaults:5 | Learned a level 3 spell: Lesser Beckoning
 46876 | Depths:5 | Entered Level 5 of the Depths
 46891 | Depths:5 | Reached skill level 5 in Throwing
 47500 | Depths:5 | Found a gate to the Realm of Zot.
 48021 | Lair:1   | Identified the ring of Hostuz {Fire Str+2} (You took it off a yaktaur captain on level 5 of the Vaults)
 48041 | Lair:1   | Learned a level 1 spell: Magic Dart
 48045 | Lair:1   | Learned a level 3 spell: Dazzling Spray
 48119 | Shoals:1 | Entered Level 1 of the Shoals
 48133 | Shoals:1 | Received a gift from Okawaru
 48145 | Shoals:1 | Reached skill level 1 in Conjurations
 48236 | Shoals:1 | Noticed Frances
 48245 | Shoals:1 | Killed Frances
 48245 | Shoals:1 | Reached skill level 1 in Spellcasting
 48314 | Shoals:1 | Reached skill level 10 in Throwing
 49217 | Shoals:2 | Reached skill level 1 in Hexes
 49342 | Shoals:2 | You fall through a shaft!
 49445 | Shoals:3 | Noticed Donald
 49464 | Shoals:3 | Killed Donald
 49464 | Shoals:3 | Received a gift from Okawaru
 49579 | Shoals:3 | Reached skill level 5 in Conjurations
 49943 | Shoals:3 | Noticed Polyphemus
 49975 | Shoals:3 | Killed Polyphemus
 49976 | Shoals:3 | Reached skill level 1 in Translocations
 50102 | Shoals:4 | Entered Level 4 of the Shoals
 50102 | Shoals:4 | Noticed Gagarin's ghost (adept MiFi)
 50103 | Shoals:4 | Noticed Ilsuiw
 50136 | Shoals:4 | Killed Gagarin's ghost
 50136 | Shoals:4 | Reached skill level 5 in Hexes
 50153 | Shoals:4 | Killed Ilsuiw
 50336 | Shoals:4 | Got a barnacled rune of Zot
 50586 | Shoals:4 | Reached skill level 5 in Evocations
 51075 | Shoals:4 | Received a gift from Okawaru
 51095 | Shoals:4 | Identified Xeotub's Catalogue of Sinister Rites and Heat
 51543 | Crypt:1  | Entered Level 1 of the Crypt
 51814 | Crypt:1  | Received a gift from Okawaru
 51814 | Crypt:1  | Reached skill level 5 in Translocations
 52097 | Crypt:2  | Noticed Khufu
 52112 | Crypt:2  | Killed Khufu
 52418 | Crypt:2  | Received a gift from Okawaru
 52448 | Crypt:2  | Got a pair of dazzling boots {god gift}
 52466 | Crypt:1  | Identified the -2 pair of boots of Dishonesty {-Tele rElec Regen+ MP+9} (Okawaru gifted it to you on level 2 of the Crypt)
 52772 | Crypt:3  | Entered Level 3 of the Crypt
 53067 | Crypt:3  | Found a staircase to the Tomb.
 53384 | Crypt:3  | Found an ancient bone altar of Kikubaaqudgha.
 53558 | Crypt:3  | Noticed an ancient lich
 53567 | Crypt:3  | Killed an ancient lich
 53576 | Crypt:3  | Identified the +2 chain mail "Jyxzet" {Int+3 Dex-2} (You found it on level 3 of the Crypt)
 54468 | Tomb:1   | Entered Level 1 of the Tomb of the Ancients
 54556 | Tomb:1   | Received a gift from Okawaru
 54940 | Tomb:1   | Noticed a greater mummy
 54957 | Tomb:1   | Killed a greater mummy
 54957 | Tomb:1   | Received a gift from Okawaru
 55164 | Tomb:1   | Noticed a greater mummy
 55182 | Tomb:1   | Killed a greater mummy
 55182 | Tomb:1   | Received a gift from Okawaru
 55182 | Tomb:1   | Reached skill level 15 in Armour
 55185 | Tomb:1   | Noticed a greater mummy
 55201 | Tomb:1   | Killed a greater mummy
 55385 | Tomb:1   | Noticed a greater mummy
 55401 | Tomb:1   | Killed a greater mummy
 55678 | Tomb:1   | Noticed a greater mummy
 55692 | Tomb:1   | Killed a greater mummy
 55960 | Tomb:2   | Noticed a greater mummy
 55963 | Tomb:2   | Noticed a greater mummy
 55971 | Tomb:2   | Noticed a greater mummy
 55973 | Tomb:2   | Noticed a greater mummy
 55976 | Tomb:2   | Killed a greater mummy
 55984 | Tomb:2   | Killed a greater mummy
 55990 | Tomb:2   | Noticed Sojobo
 55997 | Tomb:2   | Killed a greater mummy
 56000 | Tomb:2   | Killed Sojobo
 56004 | Tomb:2   | Killed a greater mummy
 56005 | Tomb:2   | Received a gift from Okawaru
 56584 | Tomb:1   | Noticed a greater mummy
 56598 | Tomb:1   | Killed a greater mummy
 56694 | Tomb:1   | Noticed a greater mummy
 56721 | Tomb:1   | Killed a greater mummy
 56874 | Tomb:1   | Noticed a greater mummy
 56879 | Tomb:1   | Noticed a greater mummy
 56884 | Tomb:1   | Killed a greater mummy
 56892 | Tomb:1   | Noticed a greater mummy
 56897 | Tomb:1   | Killed a greater mummy
 56897 | Tomb:1   | Received a gift from Okawaru
 56906 | Tomb:1   | Killed a greater mummy
 57052 | Tomb:1   | Noticed a greater mummy
 57056 | Tomb:1   | Killed a greater mummy
 57060 | Tomb:1   | Noticed a greater mummy
 57078 | Tomb:1   | Killed a greater mummy
 57098 | Tomb:1   | Noticed a greater mummy
 57109 | Tomb:1   | Killed a greater mummy
 57227 | Tomb:1   | Noticed a greater mummy
 57235 | Tomb:1   | Killed a greater mummy
 57249 | Tomb:1   | Noticed a greater mummy
 57261 | Tomb:1   | Killed a greater mummy
 57267 | Tomb:1   | Noticed a greater mummy
 57280 | Tomb:1   | Killed a greater mummy
 57287 | Tomb:1   | Noticed a greater mummy
 57299 | Tomb:1   | Noticed a greater mummy
 57302 | Tomb:1   | Killed a greater mummy
 57302 | Tomb:1   | Reached skill level 10 in Evocations
 57322 | Tomb:1   | Killed a greater mummy
 57375 | Tomb:1   | Noticed a greater mummy
 57391 | Tomb:1   | Killed a greater mummy
 57492 | Tomb:1   | Noticed a greater mummy
 57503 | Tomb:1   | Killed a greater mummy
 57503 | Tomb:1   | Received a gift from Okawaru
 57595 | Tomb:1   | Noticed a greater mummy
 57607 | Tomb:1   | Killed a greater mummy
 58045 | Tomb:3   | Entered Level 3 of the Tomb of the Ancients
 58083 | Tomb:3   | Noticed a greater mummy
 58098 | Tomb:3   | Killed a greater mummy
 58101 | Tomb:3   | Noticed a greater mummy
 58102 | Tomb:3   | Received a gift from Okawaru
 58117 | Tomb:3   | Killed a greater mummy
 58122 | Tomb:3   | Noticed a greater mummy
 58125 | Tomb:3   | Noticed an ancient lich
 58135 | Tomb:3   | Killed a greater mummy
 58145 | Tomb:3   | Noticed a greater mummy
 58146 | Tomb:3   | Killed an ancient lich
 58146 | Tomb:3   | Received a gift from Okawaru
 58149 | Tomb:3   | HP: 5/242 [guardian mummy's death curse (26)]
 58150 | Tomb:3   | HP: 1/242 [greater mummy/divine providence (11)]
 58151 | Tomb:3   | Slain by a red devil

Vault maps used:
D:1:      lightli_arrival_windingriver
D:2:      first_bread, chequers_ecumenical_altar_simple,
          minmay_goblin_kobold_house, uniq_natasha
D:3:      nicolae_overflow_crystal_walls, uniq_jessica
D:4:      serial_park_tiny_pond, kennysheep_crisscross, st_stairs_9,
          minivault_4, uniq_robin
D:5:      minmay_small_thing
D:6:      minmay_temple_entry_fiery, cheibrodos_sewer_entry_bend,
          nicolae_qazlal_general_emergency
D:7:      gammafunk_beogh_shrine
D:8:      serial_shops, shop, david_nohive_1
D:9:      erik_lair_orcish_takeover, minmay_orc_entry_guard_dogs
D:10:     minmay_chopped_fan, enter_trove_2, hangedman_decor_clover_reticule,
          st_stairs_13, uniq_snorg
D:12:     serial_shops, nicolae_shop_stone, shop
D:14:     david_vaults_3, nicolae_ru_awakened_eye, lab_entry_generic,
          st_stairs_1, uniq_azrael, uniq_rupert
D:15:     grunt_enter_depths_hoard, tgw_sif
Temple:   compressed_dpeg_triangle_lava_temple
Lair:1:   uniq_joseph
Lair:2:   grunt_megastairs_5, infiniplex_staircase_pool
Lair:3:   lemuel_fruit_fields
Lair:4:   elwin_shoals_entry_rocks, spider_nest_entry_rubble,
          beast_lair_carwin_11
Lair:5:   grunt_megastairs_1
Lair:6:   due_jungle_book, dpeg_slime_entry_corner, bobbens_dragon_lair_wall,
          lemuel_fruit_tree, lemuel_fruit_fields
Shoals:1: nicolae_shoals_stone_sculpture_thing, yaktaur_hedge, uniq_frances
Shoals:2: st_shoals_ruin
Shoals:3: nicolae_shoals_water_elemental_grotto, uniq_donald, uniq_polyphemus
Shoals:4: shoals_end_hangedman, shoal_ilsuiw, nicolae_shoals_hunting_party
Spider:1: guppyfry_spider_mini_2
Spider:2: guppyfry_spider_mini_1
Spider:4: grunt_spider_rune_parallel, uniq_arachne
Orc:1:    nicolae_orc_lost_temple
Orc:2:    grunt_orc_community_town_hall, grunt_orc_community_big_house_1,
          grunt_orc_community_big_house_1, grunt_orc_community_house_3,
          grunt_orc_community_house_3, grunt_orc_community_house_3,
          grunt_orc_community_house_3, grunt_orc_community_house_1,
          grunt_orc_community_house_1
Elf:1:    orc_legates, grunt_ministairs_13, dk_noncrumbling_3, st_stairs_11
Elf:2:    serial_shops, shop, nicolae_elf_big_sculpture_1
Elf:3:    minmay_elf_hall_dome, st_stairs_11
Vaults:1: vaults_room_door_ring, grunt_vaults_twisty, hangedman_vaults_locks,
          v_alt_pattern_1, vaults_standard_mumra_x,
          nicolae_vaults_circle_grid_b, grunt_vaults_funnel
Vaults:2: nicolae_vaults_border_crossing, nicolae_vaults_murderbox, v_misc_18,
          minmay_crypt_entry_necro_gods, v_misc_2, hangedman_vaults_restitches,
          nicolae_vaults_stairing_the_circle, nicolae_vaults_angled_halls,
          nicolae_vaults_ninety_degrees, v_misc_24, serial_ice_b
Vaults:3: nicolae_vaults_twisting_passages, grunt_vaults_hallway_long,
          ontoclasm_vaults_decontamination, vaults_mumra_chevron, v_misc_33,
          ontoclasm_vaults_tryst, vaults_standard_mumra_enter_the_diamond,
          v_misc_11, hangedman_vaults_slice, uniq_jory, uniq_margery
Vaults:4: v_misc_9, hangedman_vaults_restitches, v_alt_pattern_6,
          hangedman_vaults_variations, st_smaller_cells, v_misc_23,
          hangedman_vaults_cutoff, ontoclasm_vaults_chip, uniq_saint_roka,
          uniq_bai_suzhen, uniq_boris
Vaults:5: serial_shops, uniq_mennas
Crypt:1:  grunt_megastairs_3, grunt_crypt_arrival_split
Crypt:2:  serial_glass, glass_columns_a, glass_columns_b, lemuel_nasty_fountain,
          uniq_khufu
Crypt:3:  evilmike_haunted_forest
Tomb:2:   uniq_sojobo
Depths:1: pf_coc_iceberg, kennysheep_generic_room_14
Depths:2: lemuel_castle_with_subvaults, hangedman_decor_riveting,
          nicolae_abyss_entry_one_way_or_another, hell_entry, uniq_enchantress,
          uniq_aizul
Depths:3: grunt_crosshair, abyss_entry_small_statue_room, hellmouth_1,
          pan_entry, minmay_strange_pillars, minmay_shop_star,
          minmay_staircase_bubble
Depths:4: grunt_profane_halls, hell_entry, abyss_entry
Depths:5: grunt_zot_entry_bicorn, minmay_tree_intersection, hell_entry,
          st_stairs_5, roderic_lattice_octagonal_star
Lab:      nicolae_lab_dead_adventurers, nicolae_lab_garden, lab_fountain,
          nicolae_lab_arrow
Trove:    trove_simple
Sewer:    sewer_frog_island_01

Skill      XL: |  1  2  3  4  5  6  7  8  9 10 11 12 13 14 15 16 17 18 19 20 21 22 23 24 25 26 27 |
---------------+----------------------------------------------------------------------------------+-----
Axes           | 3 4 5 6 7 8 9 10 11 12 14 15 16 17 18 20 21 22 | 22.7
Fighting       | 5 6 7 9 10 12 13 14 15 17 19 20 22 23 | 23.0
Shields        | 4 7 8 10 12 13 15 17 20 | 20.6
Dodging        | 4 5 7 10 14 | 14.1
Armour         | 6 7 8 10 12 13 17 | 17.7
Invocations    | 4 7 9 11 13 14 15 16 17 19 21 23 | 23.3
Throwing       | 3 10 | 10.3
Evocations     | 4 10 | 10.6
Charms         | 7 10 | 10.1
Necromancy     | 7 10 | 10.1
Conjurations   | 7 |  7.6
Spellcasting   | 3 |  3.1
Hexes          | 5 |  5.9
Translocations | 8 |  8.1

Action                   |  1- 3 |  4- 6 |  7- 9 | 10-12 | 13-15 | 16-18 | 19-21 | 22-24 | 25-27 || total
-------------------------+-------+-------+-------+-------+-------+-------+-------+-------+-------++-------
Melee: War axe           |   108 |   161 |   279 |   538 |   327 |       |       |       |       ||  1413
       Great mace        |       |       |       |     8 |   159 |    51 |       |       |       ||   218
       Executioner's axe |       |       |       |       |   368 |  1174 |  1046 |  1149 |  2716 ||  6453
Throw: Javelin           |       |       |       |       |       |       |     1 |       |    61 ||    62
 Cast: Regeneration      |       |       |       |       |       |       |       |       |    20 ||    20
       Swiftness         |       |       |       |       |       |       |       |       |     3 ||     3
       Lesser Beckoning  |       |       |       |       |       |       |       |       |     1 ||     1
Invok: Heroism           |       |       |       |     5 |     9 |    10 |     7 |     8 |    22 ||    61
       Finesse           |       |       |       |     2 |     6 |     5 |     5 |     6 |    14 ||    38
 Abil: Dig               |     6 |     2 |     7 |     1 |    21 |     7 |     9 |     2 |    13 ||    68
       Shaft Self        |       |       |       |     1 |     1 |       |       |     1 |     1 ||     4
       Stop Flying       |       |       |       |       |       |     2 |       |       |       ||     2
       Evoke Flight      |       |       |       |       |       |     1 |       |       |       ||     1
       Evoke Invisibilit |       |       |       |       |       |       |     3 |       |       ||     3
Evoke: Wand              |       |       |     2 |     5 |     4 |    20 |       |       |     9 ||    40
  Use: Scroll            |       |    10 |     7 |     6 |     9 |     8 |     3 |    17 |    23 ||    83
       Potion            |       |       |    10 |       |     1 |       |     1 |     4 |    32 ||    48
 Stab: Distracted        |       |       |       |       |       |     1 |       |     2 |     2 ||     5
       Invisible         |       |       |       |       |       |       |     5 |       |     8 ||    13
       Sleeping          |       |       |       |       |       |       |       |     3 |       ||     3
       Petrifying        |       |       |       |       |       |       |       |       |     4 ||     4
       Petrified         |       |       |       |       |       |       |       |       |     1 ||     1
  Eat: Chunk             |       |     6 |     9 |    11 |    22 |    17 |     5 |     2 |     5 ||    77
       Fruit             |       |     2 |     4 |     2 |    12 |    15 |     6 |     8 |     5 ||    54
       Royal jelly       |       |       |     1 |     3 |     6 |     6 |     1 |     4 |     6 ||    27
       Bread ration      |       |       |       |       |     1 |       |     2 |     2 |     6 ||    11
       Meat ration       |       |       |       |       |       |     1 |     2 |     2 |     2 ||     7
Armor: Scale mail        |    42 |    88 |    78 |   190 |    11 |       |       |       |       ||   409
       Chain mail        |       |       |    22 |     3 |       |       |       |       |       ||    25
       Ring mail         |       |       |       |       |    67 |       |       |       |       ||    67
       Crystal plate arm |       |       |       |       |    58 |       |       |       |       ||    58
       Fire dragon scale |       |       |       |       |   104 |       |       |       |    10 ||   114
       Plate armour      |       |       |       |       |   166 |   773 |    97 |       |       ||  1036
       Acid dragon scale |       |       |       |       |       |       |   154 |   170 |   433 ||   757
Dodge: Dodged            |    34 |    55 |    69 |   240 |   413 |   570 |   531 |   448 |  1078 ||  3438
       Deflected         |       |       |       |       |       |       |     5 |    34 |    54 ||    93
Block: Shield            |    53 |    84 |   133 |   123 |       |       |       |       |       ||   393
       Large shield      |       |       |       |   357 |   997 |  1666 |  1313 |  1101 |  2905 ||  8339

Table legend:
 A = Spawn XP
 B = Non-spawn XP
 C = Spawn XP percentage of total XP
 D = Spawn monster count
 E = Non-spawn monster count
 F = Spawn count percentage of total count
 G = Total turns spent on level
                    A         B        C        D         E        F      G
               +---------+---------+-------+---------+---------+-------+---------
         Total |   79499 | 1622616 |   4.7 |     215 |    2577 |   7.7 | 58151
               +---------+---------+-------+---------+---------+-------+---------
           D:1 |       5 |      45 |  10.0 |       2 |      25 |   7.4 |   905
           D:2 |       9 |     137 |   6.2 |       5 |      23 |  17.9 |  1061
           D:3 |      51 |      73 |  41.1 |       2 |      15 |  11.8 |   641
           D:4 |      82 |     151 |  35.2 |       6 |      22 |  21.4 |   746
           D:5 |      50 |     799 |   5.9 |       1 |      24 |   4.0 |   674
           D:6 |     100 |     389 |  20.4 |       2 |      14 |  12.5 |   832
           D:7 |     207 |    3270 |   6.0 |       4 |      48 |   7.7 |  1680
           D:8 |     218 |    2310 |   8.6 |       5 |      27 |  15.6 |  1458
           D:9 |    1783 |    2195 |  44.8 |      11 |      38 |  22.4 |  1411
          D:10 |     431 |    7639 |   5.3 |       7 |      40 |  14.9 |  1942
          D:11 |     785 |    4240 |  15.6 |       4 |      38 |   9.5 |  1127
          D:12 |    1145 |    4721 |  19.5 |       6 |      17 |  26.1 |   971
          D:13 |    2553 |    6210 |  29.1 |       9 |      33 |  21.4 |  1281
          D:14 |     391 |   18076 |   2.1 |       2 |      58 |   3.3 |   783
          D:15 |    9212 |    9438 |  49.4 |      19 |      39 |  32.8 |  1704
        Lair:1 |      44 |    5283 |   0.8 |       1 |      20 |   4.8 |  1355
        Lair:2 |    1430 |    4950 |  22.4 |       7 |      18 |  28.0 |  1076
        Lair:3 |       0 |    5809 |   0.0 |       0 |      19 |   0.0 |   814
        Lair:4 |    1324 |    7432 |  15.1 |       3 |      28 |   9.7 |  1569
        Lair:5 |    1191 |    1674 |  41.6 |       5 |       6 |  45.5 |   624
        Lair:6 |    7244 |   25268 |  22.3 |      22 |      62 |  26.2 |  2179
      Shoals:1 |       0 |    6979 |   0.0 |       0 |      13 |   0.0 |   661
      Shoals:2 |       0 |   15199 |   0.0 |       0 |      37 |   0.0 |   612
      Shoals:3 |       0 |   28515 |   0.0 |       0 |      50 |   0.0 |   794
      Shoals:4 |       0 |   46073 |   0.0 |       0 |      69 |   0.0 |  1056
      Spider:1 |    2347 |   15910 |  12.9 |       7 |      35 |  16.7 |   571
      Spider:2 |       0 |   14028 |   0.0 |       0 |      35 |   0.0 |   549
      Spider:3 |    2912 |   20086 |  12.7 |       4 |      53 |   7.0 |  1010
      Spider:4 |    7747 |   38311 |  16.8 |      25 |      82 |  23.4 |  1913
         Orc:1 |     216 |    1993 |   9.8 |       4 |      42 |   8.7 |   520
         Orc:2 |     470 |   12523 |   3.6 |      11 |     103 |   9.6 |  1089
         Elf:1 |    2045 |   30605 |   6.3 |       3 |      57 |   5.0 |  1114
         Elf:2 |       0 |   49776 |   0.0 |       0 |      70 |   0.0 |  1159
         Elf:3 |       0 |   67482 |   0.0 |       0 |      73 |   0.0 |  1114
      Vaults:1 |       0 |   52158 |   0.0 |       0 |      80 |   0.0 |  1265
      Vaults:2 |       0 |   59143 |   0.0 |       0 |      92 |   0.0 |  1036
      Vaults:3 |       0 |   51234 |   0.0 |       0 |      61 |   0.0 |  1539
      Vaults:4 |       0 |   66586 |   0.0 |       0 |      78 |   0.0 |  1042
      Vaults:5 |       0 |  163597 |   0.0 |       0 |     148 |   0.0 |  1226
       Crypt:1 |       0 |   27067 |   0.0 |       0 |      33 |   0.0 |   572
       Crypt:2 |       0 |   30913 |   0.0 |       0 |      40 |   0.0 |   657
       Crypt:3 |       0 |   65431 |   0.0 |       0 |      94 |   0.0 |  1696
        Tomb:1 |       0 |  176209 |   0.0 |       0 |      73 |   0.0 |  2616
        Tomb:2 |       0 |   54624 |   0.0 |       0 |      72 |   0.0 |   961
        Tomb:3 |       0 |   54455 |   0.0 |       0 |      51 |   0.0 |   106
      Depths:1 |   12308 |   40467 |  23.3 |      13 |      59 |  18.1 |  1610
      Depths:2 |    7374 |   86073 |   7.9 |      11 |      93 |  10.6 |  1646
      Depths:3 |   11542 |   60862 |  15.9 |      11 |      66 |  14.3 |  1168
      Depths:4 |    2880 |  115429 |   2.4 |       2 |     129 |   1.5 |  1425
      Depths:5 |    1403 |   58322 |   2.3 |       1 |      52 |   1.9 |   934
           Lab |       0 |    2332 |   0.0 |       0 |       7 |   0.0 |   901
         Sewer |       0 |     125 |   0.0 |       0 |      16 |   0.0 |   306
               +---------+---------+-------+---------+---------+-------+---------
